 Dungeon Crawl Stone Soup version 0.26-a0-652-gafc20e3620 (webtiles) character file.

Game seed: 9087937401631195849

2569 Decritt the Magician (level 9, 0/71 HPs)
             Began as a Gnoll Warper on Oct 3, 2020.
             Was an Initiate of Cheibriados.
             Succumbed to a hornet's poison
             ... on level 7 of the Dungeon.
             The game lasted 00:50:59 (11608 turns).

Decritt the Magician (Gnoll Warper)                Turns: 11608, Time: 00:50:59

Health: 0/71       AC: 12    Str: 16    XL:     9   Next: 57%
Magic:  6/19       EV: 13    Int: 18    God:    Cheibriados [......]
Gold:   302        SH:  0    Dex: 16    Spells: 13/21 levels left

rFire    . . .     SeeInvis .   a - +6 dagger (vamp)
rCold    + . .     Faith    .   (no shield)
rNeg     . . .     Spirit   .   r - +1 scale mail {rC+}
rPois    .         Reflect  .   l - +0 helmet
rElec    .         Harm     .   (no cloak)
rCorr    .         Rampage  .   D - +0 pair of gloves
MR       .....                  w - +0 pair of boots
Stlth    ++........             (no amulet)
HPRegen  0.21/turn              q - ring of flight
MPRegen  0.16/turn              u - ring of stealth

@: lethally poisoned (0 -> -4), slowed, very slow
A: distributed training, fangs 1, strong nose
a: Bend Time, Renounce Religion, Evoke Flight


You were on level 7 of the Dungeon.
You worshipped Cheibriados.
Cheibriados was noncommittal.
You visited 2 branches of the dungeon, and saw 9 of its levels.

You collected 302 gold pieces.

Inventory:

Hand Weapons
 a - a +6 vampiric dagger (weapon)
 b - a +0 shortbow
Missiles
 c - 49 poisoned darts (quivered)
 g - 227 stones
 A - 52 arrows
Armour
 l - a +0 helmet (worn)
 p - a +0 leather armour
 r - a +1 scale mail of cold resistance (worn)
 w - a +0 pair of boots (worn)
 D - a +0 pair of gloves (worn)
Jewellery
 q - a ring of flight (left hand)
 u - a ring of stealth (right hand)
Wands
 h - a wand of paralysis (13)
 v - a wand of digging (4)
 z - a wand of polymorph (10)
 B - a wand of flame (13)
Scrolls
 f - a scroll of fog
 i - a scroll of teleportation
 j - 2 scrolls of magic mapping
 m - a scroll of amnesia
 n - a scroll of immolation
 o - 4 scrolls of remove curse
 y - a scroll of fear {unknown}
Potions
 e - 2 potions of might


   Skills:
 + Level 6.4 Fighting
 + Level 4.3 Short Blades
 + Level 4.3 Long Blades
 + Level 6.4 Axes
 + Level 4.3 Maces & Flails
 + Level 4.3 Polearms
 + Level 4.3 Staves
 + Level 4.3 Slings
 + Level 4.3 Bows
 + Level 4.3 Crossbows
 + Level 5.1 Throwing
 + Level 5.1 Armour
 + Level 6.4 Dodging
 + Level 4.3 Stealth
 + Level 4.3 Shields
 + Level 4.3 Unarmed Combat
 + Level 6.7 Spellcasting
 + Level 3.6 Conjurations
 + Level 3.6 Hexes
 + Level 3.6 Summonings
 + Level 3.6 Necromancy
 + Level 6.6 Translocations
 + Level 3.6 Transmutations
 + Level 3.6 Fire Magic
 + Level 3.6 Ice Magic
 + Level 3.6 Air Magic
 + Level 3.6 Earth Magic
 + Level 3.6 Poison Magic
 + Level 4.8 Invocations
 + Level 4.3 Evocations


You had 13 spell levels left.
You knew the following spells:

 Your Spells              Type           Power        Failure   Level
a - Blink                 Tloc           N/A          3%          2
b - Gell's Gravitas       Tloc           ####......   8%          3
c - Lesser Beckoning      Tloc           ####......   8%          3

Your spell library contained the following spells:

 Spells                   Type           Power        Failure   Level
 Teleport Other           Tloc           ####....     8%          3
 Freeze                   Ice            ###.         9%          1
 Passage of Golubria      Tloc           N/A          24%         4
 Frozen Ramparts          Ice            ###...       26%         3
 Ozocubu's Armour         Ice            ###.....     26%         3
 Hailstorm                Conj/Ice       ###.....     63%         4
 Summon Ice Beast         Ice/Summ       ###.....     63%         4


Dungeon Overview and Level Annotations

Branches:
Dungeon (8/15)             Temple (1/1) D:5
   Lair: D:8-11

Altars:
Ashenzari
Cheibriados
Dithmenos
Elyvilon
Fedhas
Gozag
Hepliaklqana
Kikubaaqudgha
Makhleb
Nemelex Xobeh
Okawaru
Qazlal
Ru
Sif Muna
Trog
Uskayaw
Vehumet
Wu Jian
Xom
Yredelemnul
Zin
The Shining One


Innate Abilities, Weirdness & Mutations

Your experience applies equally to all skills.
You have very sharp teeth.
Your uncanny sense of smell can sniff out nearby items.


Message History

The howler monkey hoots and howls with incredible vigour!
Casting: Blink (safe; 3% risk of failure)
Confirm with . or Enter, or press ? or * to list all spells.
You blink.
You feel sick.
You feel sick.
You feel better. The hornet stings you.
* * * LOW HITPOINT WARNING * * *
You feel as though you will be slow longer.
The hornet stings you!
* * * LOW HITPOINT WARNING * * *
You are lethally poisoned!
You feel as though you will be slow longer.
The howler monkey hoots and howls with incredible vigour!
The hornet stings you but does no damage.
Press: ? - help, v - describe, . - travel The floor, spattered with blood.
Okay, then.
* * * LOW HITPOINT WARNING * * *
You feel sick. The hornet barely misses you. The hornet closely misses you.
You die...

##.....##)[........#..........
#..................#.........#
#.......#.....>............###
#..........................#..
##...................####.....
##......##.........######.#.##
#.......#..........# #...#.#
#.....[..........^.# #.....#
#............@.....# #######
##.................#
##.........y..<...#
#.........h.....##
#..............###
#............[...# ####
#..........#####.# ##..#
#..........# #.# ###...#
#..........# #.###...#.#


You could see a hornet and a howler monkey (catching breath).

Vanquished Creatures
  Prince Ribbit (D:6)
  3 ice beasts
  A sky beast (D:6)
  A black bear (D:6)
  A phantom (D:7)
  An ogre (D:6)
  A centaur (D:6)
  4 bullfrogs
  A wyvern skeleton (D:6)
  4 scorpions
  4 howler monkeys
  A hound (D:5)
  A quasit (D:6)
  An orc priest (D:7)
  A jelly (D:5)
  6 orc wizards
  2 bullfrog skeletons (D:5)
  2 centaur skeletons (D:5)
  Ijyb (D:5)
  2 worker ants (D:5)
  Natasha (thrice) (D:3)
  2 iguanas
  A hound zombie (D:5)
  Robin (D:2)
  A howler monkey zombie (D:5)
  A worker ant zombie (D:7)
  3 gnolls (D:4)
  8 adders
  4 white imps
  5 ufetubi
  An ooze (D:1)
  An adder skeleton (D:5)
  4 worms
  4 dart slugs
  7 leopard geckos
  26 orcs
  A ball python (D:4)
  12 bats
  3 giant cockroaches
  12 hobgoblins
  16 jackals
  5 quokkas
  5 frilled lizards
  18 goblins
  A jackal skeleton (D:4)
  9 kobolds
  2 quokka skeletons
  7 rats
202 creatures vanquished.

Notes
Turn   | Place    | Note
-------+----------+-------------------------------------------
     0 | D:1      | Decritt the Gnoll Warper began the quest for the Orb.
     0 | D:1      | Reached XP level 1. HP: 20/20 MP: 6/6
    83 | D:1      | Reached XP level 2. HP: 18/26 MP: 7/7
   431 | D:1      | Learned a level 2 spell: Blink
   673 | D:1      | Reached XP level 3. HP: 23/31 MP: 9/9
   774 | D:1      | Reached skill level 5 in Spellcasting
   977 | D:1      | Reached skill level 1 in Invocations
  1097 | D:2      | Noticed Robin
  1464 | D:2      | Reached skill level 1 in Short Blades
  1464 | D:2      | Reached skill level 1 in Long Blades
  1464 | D:2      | Reached skill level 1 in Maces & Flails
  1464 | D:2      | Reached skill level 1 in Polearms
  1464 | D:2      | Reached skill level 1 in Staves
  1464 | D:2      | Reached skill level 1 in Slings
  1464 | D:2      | Reached skill level 1 in Bows
  1464 | D:2      | Reached skill level 1 in Crossbows
  1464 | D:2      | Reached skill level 1 in Stealth
  1464 | D:2      | Reached skill level 1 in Shields
  1464 | D:2      | Reached skill level 1 in Unarmed Combat
  1464 | D:2      | Reached skill level 1 in Evocations
  1464 | D:2      | Reached XP level 4. HP: 38/38 MP: 11/11
  1681 | D:3      | Noticed Natasha
  1722 | D:3      | Killed Natasha
  1722 | D:3      | Reached skill level 1 in Conjurations
  1722 | D:3      | Reached skill level 1 in Hexes
  1722 | D:3      | Reached skill level 1 in Summonings
  1722 | D:3      | Reached skill level 1 in Necromancy
  1722 | D:3      | Reached skill level 1 in Transmutations
  1722 | D:3      | Reached skill level 1 in Fire Magic
  1722 | D:3      | Reached skill level 1 in Ice Magic
  1722 | D:3      | Reached skill level 1 in Air Magic
  1722 | D:3      | Reached skill level 1 in Earth Magic
  1722 | D:3      | Reached skill level 1 in Poison Magic
  2014 | D:2      | Killed Robin
  2014 | D:2      | Reached XP level 5. HP: 39/43 MP: 12/12
  2103 | D:2      | Found a shadowy altar of Dithmenos.
  2570 | D:2      | Found a blossoming altar of Fedhas.
  2570 | D:2      | Found an opulent altar of Gozag.
  3286 | D:3      | Learned a level 3 spell: Gell's Gravitas
  3290 | D:3      | Learned a level 3 spell: Lesser Beckoning
  3655 | D:3      | Found a faded altar of an unknown god.
  3985 | D:3      | Noticed Natasha
  3999 | D:3      | Killed Natasha
  3999 | D:3      | Reached XP level 6. HP: 39/50 MP: 13/13
  4328 | D:3      | Noticed Natasha
  4337 | D:3      | Killed Natasha
  4475 | D:3      | Found a hide-covered altar of Uskayaw.
  4475 | D:3      | Found a burning altar of Makhleb.
  4491 | D:3      | Found a shimmering blue altar of Sif Muna.
  4586 | D:4      | Reached skill level 5 in Fighting
  4586 | D:4      | Reached skill level 5 in Axes
  4586 | D:4      | Reached skill level 5 in Dodging
  6593 | D:4      | Reached XP level 7. HP: 36/56 MP: 4/15
  6927 | D:5      | Entered Level 5 of the Dungeon
  7263 | D:5      | Found a staircase to the Ecumenical Temple.
  8349 | D:5      | Reached XP level 8. HP: 23/63 MP: 11/16
  8875 | D:5      | Noticed Ijyb
  8891 | D:5      | Killed Ijyb
  9966 | D:7      | Reached XP level 9. HP: 59/69 MP: 7/18
 10194 | D:7      | Noticed Prince Ribbit
 10817 | D:6      | Reached skill level 5 in Throwing
 10817 | D:6      | Reached skill level 5 in Armour
 10850 | Temple   | Entered the Ecumenical Temple
 10912 | Temple   | Became a worshipper of Cheibriados the Contemplative
 11418 | D:7      | Found a stormy altar of Qazlal.
 11518 | D:6      | Killed Prince Ribbit
 11570 | D:8      | Noticed a hornet
 11606 | D:7      | HP: 3/71 [hornet (9)]
 11607 | D:7      | HP: 1/71 [poisoned by a hornet]
 11608 | D:7      | Succumbed to a hornet's poison

Illustrated notes

Levels and vault maps discovered:
D:1:      dpeg_arrival_central, layout_rooms
D:2:      layout_rooms, lemuel_crystal_altar, gammafunk_temple_overflow_pools,
          uniq_robin
D:3:      layout_loops_corners, gammafunk_temple_overflow_elements,
          lemuel_blue_sif_altar, chequers_ecumenical_altar_grove, uniq_natasha
D:4:      layout_cave_pools
D:5:      layout_gridville, minmay_temple_entry_wispy, minmay_misc_feat_hallway,
          kennysheep_generic_room_6, uniq_ijyb
D:6:      layout_rooms, minmay_misc_feat_nine_boxes
D:7:      layout_rooms, nicolae_qazlal_general_emergency, uniq_prince_ribbit1
D:8:      layout_cave_pods, erik_lair_orcish_takeover, serial_shops, shop
Temple:   eino_wide_crystal_templ

Skill      XL: |  1  2  3  4  5  6  7  8  9 |
---------------+----------------------------+-----
Spellcasting   | 5 6 |  6.7
Invocations    | 1 2 3 4 |  4.8
Short Blades   | 1 2 3 4 |  4.3
Long Blades    | 1 2 3 4 |  4.3
Maces & Flails | 1 2 3 4 |  4.3
Polearms       | 1 2 3 4 |  4.3
Staves         | 1 2 3 4 |  4.3
Slings         | 1 2 3 4 |  4.3
Bows           | 1 2 3 4 |  4.3
Crossbows      | 1 2 3 4 |  4.3
Stealth        | 1 2 3 4 |  4.3
Shields        | 1 2 3 4 |  4.3
Unarmed Combat | 1 2 3 4 |  4.3
Evocations     | 1 2 3 4 |  4.3
Conjurations   | 1 2 3 |  3.6
Hexes          | 1 2 3 |  3.6
Summonings     | 1 2 3 |  3.6
Necromancy     | 1 2 3 |  3.6
Transmutations | 1 2 3 |  3.6
Fire Magic     | 1 2 3 |  3.6
Ice Magic      | 1 2 3 |  3.6
Air Magic      | 1 2 3 |  3.6
Earth Magic    | 1 2 3 |  3.6
Poison Magic   | 1 2 3 |  3.6
Throwing       | 3 4 5 |  5.1
Armour         | 3 4 5 |  5.1
Fighting       | 5 6 |  6.4
Axes           | 5 6 |  6.4
Dodging        | 5 6 |  6.4
Translocations | 6 |  6.6

Action                   |  1- 3 |  4- 6 |  7- 9 || total
-------------------------+-------+-------+-------++-------
Melee: Hand axe          |   111 |   196 |       ||   307
       Bite              |    10 |    27 |    64 ||   101
       Mace              |       |    83 |   177 ||   260
       Punch             |       |     1 |     2 ||     3
       Dagger            |       |       |   261 ||   261
 Fire: Shortbow          |       |       |     6 ||     6
Throw: Boomerang         |     2 |       |       ||     2
       Stone             |       |     5 |       ||     5
       Dart              |       |       |    52 ||    52
 Cast: Blink             |     4 |     4 |    16 ||    24
       Lesser Beckoning  |       |     4 |     5 ||     9
       Gell's Gravitas   |       |    12 |    21 ||    33
  Use: Scroll            |       |     5 |     9 ||    14
       Potion            |       |     6 |     8 ||    14
 Stab: Sleeping          |       |     2 |     5 ||     7
       Distracted        |       |       |     2 ||     2
Armor: Leather armour    |    29 |    87 |   162 ||   278
       Scale mail        |       |       |    17 ||    17
Dodge: Dodged            |    83 |   238 |   421 ||   742

Table legend: (Time is in decaauts)
 A = Elapsed time spent in this place.
 B = Non-inter-level travel time spent in this place.
 C = Inter-level travel time spent in this place.
 D = Time resting spent in this place.
 E = Time spent auto-exploring this place.
 F = Levels seen in this place.
 G = Mean time per level.
                   A        B        C        D        E       F      G
               +--------+--------+--------+--------+--------+-----+--------+
         Total |  11771 |  11452 |    319 |   4959 |   3554 |   9 | 1307.9 |
       Dungeon |  11690 |  11390 |    300 |   4959 |   3503 |   8 | 1461.2 |
        Temple |     81 |     63 |     18 |      0 |     51 |   1 |   81.0 |
               +--------+--------+--------+--------+--------+-----+--------+

Top non-repeatable levels by time:
     D:5: 2703 daAuts
     D:4: 2349 daAuts
     D:3: 2336 daAuts
     D:1: 1317 daAuts
     D:6: 1009 daAuts
     D:7: 995 daAuts
     D:2: 958 daAuts
  Temple: 81 daAuts
     D:8: 19 daAuts
